 Dungeon Crawl Stone Soup version 0.26-a0-393-g67388ea477 (webtiles) character file.

Game seed: 8916655027198486964

36466 KristoblXynda the Carver (level 13, -8/113 HPs)
             Began as a Pale Draconian Gladiator on July 22, 2020.
             Was a High Priest of Ashenzari.
             Killed from afar by a black mamba (42 damage)
             ... with an exploding inner flame
             ... hexed by the player character
             ... on level 6 of the Lair of Beasts.
             The game lasted 00:24:39 (18527 turns).

KristoblXynda the Carver (DrGl)                    Turns: 18527, Time: 00:24:39

Health: -8/113     AC: 12    Str: 21    XL:     13   Next: 53%
Magic:  17/17      EV: 20    Int: 13    God:    Ashenzari [*****.]
Gold:   1437       SH:  5    Dex: 16    Spells: 13/18 levels left

rFire    . . .     SeeInvis +   M - +6 scimitar (flame) (curse)
rCold    . . .     Faith    .   (no shield)
rNeg     . . .     Spirit   .   (armour unavailable)
rPois    .         Reflect  +   b - +1 hat
rElec    .         Harm     .   w - +0 cloak of Cosauho {Str+3 Dex-2 Slay+3} (curse)
rCorr    .         Clarity  +   r - +0 pair of gloves
MR       .....                  y - +0 pair of boots (curse)
Stlth    +++.......             p - amulet of reflection (curse)
HPRegen  0.28/turn              d - +4 ring of slaying (curse)
MPRegen  0.15/turn              B - +6 ring of dexterity (curse)

@: very slightly contaminated
A: breathe steam, unfitting armour, cold-blooded, AC +8
a: Breathe Steam, Curse Item, Scrying, Transfer Knowledge, Renounce Religion


You were on level 6 of the Lair of Beasts.
You worshipped Ashenzari.
Ashenzari was extremely pleased with you.
You visited 3 branches of the dungeon, and saw 19 of its levels.
You also visited: Bailey.

You collected 1437 gold pieces.

Inventory:

Hand Weapons
 G - a +3 scimitar of freezing
 M - a cursed +6 scimitar of flaming (weapon)
Missiles
 c - 5 throwing nets (quivered)
Armour
 b - a +1 hat (worn)
 r - a +0 pair of gloves (worn)
 w - the cursed +0 cloak of Cosauho (worn) {Str+3 Dex-2 Slay+3}
   (You found it on level 4 of the Dungeon)

   It affects your strength (+3).
   It affects your dexterity (-2).
   It affects your accuracy and damage with ranged weapons and melee attacks
   (+3).
   It has a curse placed upon it.
 y - a cursed +0 pair of boots (worn)
 Q - a +0 kite shield
Jewellery
 d - a cursed +4 ring of slaying (left hand)
 n - an uncursed ring of ice
 p - a cursed amulet of reflection (around neck)
 z - the ring of the Mage {Wiz MR++ Int+3}
   (You found it on level 5 of the Lair of Beasts)

   [ring of wizardry]

   It improves your spell success rate.
   It affects your intelligence (+3).
   It affects your resistance to hostile enchantments.
 B - a cursed +6 ring of dexterity (right hand)
 D - an uncursed ring of protection from cold
 E - the ring of Mysticism {Ice Dex+2 Stlth+}
   (You found it on level 3 of the Lair of Beasts)

   [ring of ice]

   It enhances your ice magic.
   It affects your dexterity (+2).
   It makes you vulnerable to fire.
   It protects you from cold.
   It makes you more stealthy.
 R - an uncursed amulet of magic regeneration
 S - an uncursed ring of flight
Wands
 a - a wand of disintegration (30)
 j - a wand of acid (12)
 m - a wand of iceblast (14)
 u - a wand of enslavement (19)
 L - a wand of digging (6)
 P - a wand of paralysis (23)
Scrolls
 f - 6 scrolls of remove curse
 h - 10 scrolls of teleportation
 l - 3 scrolls of amnesia
 q - 2 scrolls of magic mapping
 s - 2 scrolls of immolation
 C - a scroll of silence
 I - 11 scrolls of identify
 N - 2 scrolls of enchant armour
 O - a scroll of enchant weapon
Potions
 e - 2 potions of lignification
 g - 5 potions of brilliance
 i - 2 potions of ambrosia
 k - a potion of cancellation
 o - a potion of haste
 t - a potion of heal wounds
 v - 2 potions of might
 x - a potion of stabbing
 A - 4 potions of curing
 H - 2 potions of mutation
Miscellaneous
 J - a tin of tremorstones (3/3)
 T - a phial of floods


   Skills:
 + Level 9.9 Fighting
 + Level 14.2(17.7) Long Blades
 - Level 2.1 Throwing
 + Level 11.2 Dodging
 - Level 5.0 Stealth
 + Level 3.1 Spellcasting
 - Level 10.6(14.3) Evocations


You had 13 spell levels left.
You knew the following spells:

 Your Spells              Type           Power        Failure   Level
a - Lightning Bolt        Conj/Air       #.........   99%         5

Your spell library contained the following spells:

 Spells                   Type           Power        Failure   Level
 Shock                    Conj/Air       #...         19%         1
 Swiftness                Air            #.......     26%         2
 Static Discharge         Conj/Air       #.......     47%         3
 Airstrike                Air            #.........   87%         4


Dungeon Overview and Level Annotations

Branches:
Dungeon (12/15)            Temple (1/1) D:4            Lair (6/6) D:9
  Swamp (0/4) Lair:4        Snake (0/4) Lair:4          Orc (0/2) D:11
 Bailey (visited)
  Slime: Lair:5-6

Altars:
Ashenzari
Cheibriados
Dithmenos
Elyvilon
Fedhas
Gozag
Hepliaklqana
Kikubaaqudgha
Makhleb
Nemelex Xobeh
Okawaru
Qazlal
Ru
Sif Muna
Trog
Uskayaw
Vehumet
Wu Jian
Xom
Yredelemnul
Zin
The Shining One
Beogh

Annotations:
D:12 Rupert


Innate Abilities, Weirdness & Mutations

You can breathe blasts of scalding, opaque steam.
Your pale cyan-grey scales are hard. (AC +8)
You cannot fit into any form of body armour.
You are cold-blooded and may be slowed by cold attacks.


Message History

The black mamba misses you.
Evoke which item? (* to show all) (? for menu, Esc to quit)
Okay, then.
You feel better. The black mamba bites you!
Cornered, the cane toad turns to fight!
You barely miss the black mamba.
The black mamba is moderately wounded.
The black mamba completely misses you.
Cornered, the black mamba turns to fight!
The black mamba bites you but does no damage.
Unknown command.
You slash the black mamba!
Flame seeps out of the black mamba.
You burn the black mamba.
Flame seeps out of the black mamba.
The black mamba is heavily wounded.
The black mamba is engulfed in blazing flames.
Flame seeps out of the black mamba.
The black mamba closely misses you.
You riposte.
You slice the black mamba!! You burn the black mamba.
The black mamba explodes!
The fiery explosion engulfs you!!!
You die...

, ,** ,{*.... , { , ** , *
,,,{ { #.S# {,** , ,* ,, ,*
∆∆#..# *,,{ ** , , { * {#..#{
,{{ * , , ,, * ,{*##..## { ,,
, ,, ,, , *##..F.##* ,, , , ,
#.§PPS.#*, ,, , , ,, ,
##○.PP..# ,,, , , , ,
,,###@§§...##* , , , *, ,,,
*#....#####* ∆ * ,,. *,
#...##†.# {∆,,∆ ,# * . * ,
,#....##..## , **l...##* *, ,
#.....##...#,{ ,, .....# ,
,,P....##...##..##...##.....
,
,,,P...##....#....#....##....
,* **
,.P.##..(.##....##....##.PP
**,..##.....#......#.....##P#


You could see 2 black mambas and a cane toad (inner flame).

Vanquished Creatures
  Snorg (D:12)
  Harold (D:8)
  2 hydras
  A death yak (D:8)
  4 two-headed ogres
  Erica (D:10)
  An unseen horror (D:11)
  An obsidian statue (Lair:5)
  An orc knight (Bailey)
  A manticore (D:11)
  Joseph (D:8)
  Maurice (D:10)
  An oklob plant (Lair:1)
  6 black mambas
  A centaur skeleton (D:12)
  A gargoyle (D:12)
  11 cane toads
  A torpor snail (Lair:6)
  Maggie (D:9)
  A rime drake (Lair:3)
  4 komodo dragons
  Grinder (D:6)
  17 blink frogs
  6 hippogriffs
  8 wyverns
  18 yaks
  2 humans (D:9)
  6 vampire mosquitoes (Lair:4)
  Menkaure (D:6)
  A soldier ant (D:12)
  10 porcupines
  13 water moccasins
  14 orc warriors
  4 ice beasts
  A phantom (D:4)
  3 sky beasts
  A necrophage (D:9)
  6 wolves (Lair:3)
  An eye of draining (D:11)
  8 ogres
  2 centaurs
  A crocodile (Lair:3)
  Blork the orc (D:4)
  17 bullfrogs
  2 scorpions
  4 killer bees (D:7)
  3 wights (D:11)
  4 howler monkeys
  2 electric eels
  4 quasits
  2 bullfrog zombies
  3 centaur zombies
  3 hounds
  6 orc priests
  3 jellies
  3 bullfrog skeletons
  13 orc wizards
  Ijyb (D:3)
  2 iguanas
  10 worker ants
  2 hound skeletons
  4 gnolls (D:9)
  17 adders
  A howler monkey skeleton (D:4)
  2 shadow imps
  A white imp (D:6)
  An ufetubus (D:6)
  An adder skeleton (D:4)
  6 worms
  6 dart slugs
  3 leopard geckos
  54 orcs
  3 ball pythons
  8 bats
  6 giant cockroaches
  10 goblins
  12 hobgoblins
  3 jackals
  5 kobolds
  7 quokkas
  8 frilled lizards
  A leopard gecko zombie (D:7)
  A quokka skeleton (D:6)
  8 rats
420 creatures vanquished.

Vanquished Creatures (others)
  6 fungi
  2 plants (Lair:6)
8 creatures vanquished.

Grand Total: 428 creatures vanquished

Notes
Turn   | Place    | Note
-------+----------+-------------------------------------------
     0 | D:1      | KristoblXynda the Draconian Gladiator began the quest for
                  | the Orb.
     0 | D:1      | Reached XP level 1. HP: 17/17 MP: 1/1
    78 | D:1      | Reached XP level 2. HP: 24/24 MP: 2/2
   457 | D:1      | Reached XP level 3. HP: 30/30 MP: 3/3
   753 | D:2      | Found a shimmering altar of Xom.
  1051 | D:2      | Reached XP level 4. HP: 32/37 MP: 4/4
  1195 | D:2      | Reached skill level 4 in Long Blades
  1481 | D:2      | Found a faded altar of an unknown god.
  1959 | D:3      | Reached XP level 5. HP: 40/45 MP: 5/5
  2044 | D:3      | Noticed Ijyb
  2059 | D:3      | HP: 1/45 [acid (13)]
  2066 | D:3      | Killed Ijyb
  2066 | D:3      | Reached skill level 1 in Evocations
  2665 | D:4      | Reached skill level 5 in Long Blades
  2697 | D:4      | Reached XP level 6. HP: 47/51 MP: 6/6
  3061 | D:4      | Got a pitted cloak
  3072 | D:4      | Identified the cursed +0 cloak of Cosauho {Str+3 Dex-2
                  | Slay+3} (You found it on level 4 of the Dungeon)
  3182 | D:4      | Noticed Blork the orc
  3185 | D:4      | Killed Blork the orc
  3297 | D:4      | Your scales start taking on a pale cyan-grey colour.
  3297 | D:4      | Reached XP level 7. HP: 57/57 MP: 7/7
  3299 | D:4      | Found a staircase to the Ecumenical Temple.
  3337 | Temple   | Entered the Ecumenical Temple
  3377 | Temple   | Became a worshipper of Ashenzari the Shackled
  3468 | D:4      | Reached skill level 6 in Long Blades
  3763 | D:5      | Entered Level 5 of the Dungeon
  3887 | D:5      | Reached skill level 7 in Long Blades
  4205 | D:5      | Reached skill level 5 in Dodging
  4205 | D:5      | Reached XP level 8. HP: 45/63 MP: 8/8
  4456 | D:6      | Noticed Grinder
  4478 | D:6      | Killed Grinder
  4749 | D:6      | Reached * piety under Ashenzari
  4771 | D:6      | Reached skill level 8 in Long Blades
  4816 | D:6      | Reached skill level 5 in Evocations
  4884 | D:6      | Noticed Menkaure
  4890 | D:6      | Killed Menkaure
  4920 | D:6      | Found a sacrificial altar of Ru.
  4927 | D:6      | Found a glowing silver altar of Zin.
  4927 | D:6      | Found a basalt altar of Yredelemnul.
  4934 | D:6      | Found a shimmering blue altar of Sif Muna.
  5042 | D:6      | Reached XP level 9. HP: 52/69 MP: 9/9
  5575 | D:7      | Reached skill level 9 in Long Blades
  6549 | D:8      | Noticed Harold
  6574 | D:8      | Killed Harold
  6574 | D:8      | Reached skill level 10 in Long Blades
  6858 | D:8      | Noticed Joseph
  6866 | D:8      | Killed Joseph
  7232 | D:8      | Reached XP level 10. HP: 63/77 MP: 10/10
  7487 | D:8      | Reached ** piety under Ashenzari
  7673 | D:8      | Reached skill level 11 in Long Blades
  7723 | D:8      | Noticed a death yak
  7730 | D:8      | Killed a death yak
  8224 | D:9      | Noticed a two-headed ogre
  8233 | D:9      | Found an iron altar of Okawaru.
  8287 | D:9      | Found a flagged portal.
  8301 | Bailey   | Entered a bailey
  8603 | Bailey   | Noticed an orc knight
  8702 | Bailey   | Killed an orc knight
  8725 | Bailey   | Reached skill level 12 in Long Blades
  9065 | D:9      | Reached XP level 11. HP: 72/83 MP: 11/11
  9068 | D:9      | Killed a two-headed ogre
  9368 | D:9      | Found a staircase to the Lair.
  9622 | D:9      | Noticed Maggie
  9627 | D:9      | Killed Maggie
  9703 | D:9      | Noticed a two-headed ogre
  9709 | D:9      | Killed a two-headed ogre
  9752 | D:10     | Entered Level 10 of the Dungeon
  9856 | D:10     | Noticed Maurice
  9860 | D:10     | Killed Maurice
  9922 | D:10     | Reached skill level 5 in Fighting
  9933 | D:10     | Noticed Erica
  9939 | D:10     | Killed Erica
 10395 | D:11     | Reached *** piety under Ashenzari
 10723 | D:11     | Found a staircase to the Orcish Mines.
 10723 | D:11     | Noticed an eight-headed hydra
 10730 | D:11     | Reached skill level 10 in Evocations
 10733 | D:11     | Killed a five-headed hydra
 10946 | D:11     | Noticed a two-headed ogre
 10952 | D:11     | Killed a two-headed ogre
 11086 | D:11     | Noticed a two-headed ogre
 11095 | D:11     | Killed a two-headed ogre
 11291 | D:11     | Reached XP level 12. HP: 94/97 MP: 12/12
 11674 | D:11     | Found a roughly hewn altar of Beogh.
 11988 | D:12     | Reached skill level 13 in Long Blades
 12087 | D:12     | Reached skill level 1 in Stealth
 12231 | D:12     | Noticed Snorg
 12241 | D:12     | Killed Snorg
 12310 | D:12     | Noticed Rupert
 12427 | Lair:1   | Entered Level 1 of the Lair of Beasts
 12427 | Lair:1   | Reached **** piety under Ashenzari
 12508 | Lair:1   | Reached skill level 10 in Dodging
 14293 | Lair:2   | Reached ***** piety under Ashenzari
 14699 | Lair:3   | Learned a level 5 spell: Lightning Bolt
 15015 | Lair:3   | Identified the ring of Mysticism {Ice Dex+2 Stlth+}
 15457 | Lair:4   | Found a staircase to the Snake Pit.
 15661 | Lair:4   | Reached XP level 13. HP: 107/110 MP: 13/13
 15853 | Lair:4   | Reached skill level 5 in Stealth
 15914 | Lair:4   | Found a staircase to the Swamp.
 16066 | Lair:4   | Reached skill level 1 in Spellcasting
 17244 | Lair:4   | Reached skill level 14 in Long Blades
 18068 | Lair:5   | Found the ring of the Mage {Wiz MR++ Int+3}
 18271 | Lair:6   | Entered Level 6 of the Lair of Beasts
 18527 | Lair:6   | Killed from afar by a black mamba

Illustrated notes

Levels and vault maps discovered:
D:1:      zaba_arrival_water, layout_basic, serial_curves, eino_curves_03,
          eino_curves_01, st_stairs_7
D:2:      layout_loops_cross, chequers_ecumenical_altar_simple, xom_teletrap_fun
D:3:      layout_loops_ring, uniq_ijyb
D:4:      minmay_opposing_rooms, layout_loops_ring, temple_fountains,
          uniq_blork_the_orc
D:5:      layout_rooms
D:6:      layout_gridville, grunt_temple_overflow_open, uniq_menkaure,
          uniq_grinder
D:7:      layout_basic
D:8:      argonaut_augean_stables, layout_basic, uniq_joseph, uniq_harold
D:9:      layout_cave_pools, lair_entry_dummy, enter_bailey_2,
          eino_tiny_chamber, okawaru_humans, uniq_maggie
D:10:     layout_gridville, uniq_erica, uniq_maurice
D:11:     layout_long_grid, david_orc_2, david_defended_altar_orc
D:12:     layout_small_grid, enter_trove_2, minmay_quadrilaterals, uniq_snorg,
          uniq_rupert
Temple:   compressed_dpeg_circular_temple
Lair:1:   layout_roguey, chequers_serial_rivers_large_a,
          minmay_lair_oklob_chamber
Lair:2:   layout_cave_pods
Lair:3:   layout_hall_layers
Lair:4:   layout_layer_cave, minmay_swamp_entry_swarm,
          minmay_snake_entry_six_corridors, st_stairs_11
Lair:5:   statuecave_lemuel, layout_gridlike
Lair:6:   guppyfry_lair_end_dragon, layout_loops_ring,
          hangedman_lair_tendril_chambers, minmay_slime_entry_oklob_enclosed,
          minivault_23

Skill      XL: |  1  2  3  4  5  6  7  8  9 10 11 12 13 |
---------------+----------------------------------------+-----
Throwing       | 2 |  2.1
Dodging        | 3 4 5 6 7 8 9 10 11 | 11.2
Long Blades    | 4 5 7 8 10 12 13 14 | 14.2
Fighting       | 3 6 8 9 |  9.9
Evocations     | 1 2 4 5 7 8 10 | 10.6
Stealth        | 4 5 |  5.0
Spellcasting   | 3 |  3.1

Action                   |  1- 3 |  4- 6 |  7- 9 | 10-12 | 13-15 || total
-------------------------+-------+-------+-------+-------+-------++-------
Melee: Long sword        |    64 |   134 |   200 |   161 |       ||   559
       Tailslap          |     6 |    19 |    46 |    90 |    30 ||   191
       Scimitar          |       |       |       |   274 |   172 ||   446
Throw: Throwing net      |       |     1 |       |       |       ||     1
Invok: Curse Item        |       |       |     4 |     1 |       ||     5
 Abil: Breathe Steam     |       |       |     2 |    14 |       ||    16
Evoke: Wand              |       |       |     1 |    14 |       ||    15
       Tin of tremorston |       |       |       |     1 |       ||     1
  Use: Scroll            |       |     7 |    12 |    11 |     6 ||    36
       Potion            |       |     3 |       |     1 |     4 ||     8
 Stab: Sleeping          |       |     3 |     2 |     8 |     3 ||    16
Armor: Skin              |    20 |    41 |    53 |    82 |    50 ||   246
Dodge: Dodged            |    41 |    87 |   106 |   333 |   156 ||   723
Block: Other             |       |    21 |    36 |    65 |    37 ||   159
       Reflection        |       |     1 |     1 |     1 |       ||     3
       Rpst.: Long sword |    16 |    30 |    33 |    25 |       ||   104
       Scimitar          |       |       |       |    60 |    38 ||    98

Table legend: (Time is in decaauts)
 A = Elapsed time spent in this place.
 B = Non-inter-level travel time spent in this place.
 C = Inter-level travel time spent in this place.
 D = Time resting spent in this place.
 E = Time spent auto-exploring this place.
 F = Levels seen in this place.
 G = Mean time per level.
                   A        B        C        D        E       F      G
               +--------+--------+--------+--------+--------+-----+--------+
         Total |  18436 |  18028 |    408 |   4214 |  10681 |  20 |  921.8 |
       Dungeon |  11582 |  11233 |    349 |   2531 |   6621 |  12 |  965.2 |
        Temple |    111 |    103 |      8 |      0 |     68 |   1 |  111.0 |
          Lair |   6038 |   5987 |     51 |   1316 |   3946 |   6 | 1006.3 |
        Bailey |    703 |    703 |      0 |    367 |     45 |   1 |  703.0 |
               +--------+--------+--------+--------+--------+-----+--------+

Top non-repeatable levels by time:
  Lair:4: 1944 daAuts
     D:8: 1662 daAuts
    D:11: 1477 daAuts
  Lair:2: 1123 daAuts
  Lair:1: 1114 daAuts
     D:6: 1087 daAuts
     D:7: 1068 daAuts
     D:3: 1024 daAuts
     D:4: 1005 daAuts
     D:2: 896 daAuts
  Lair:5: 858 daAuts
     D:9: 828 daAuts
     D:1: 768 daAuts
  Lair:3: 755 daAuts
  Bailey: 703 daAuts
